 Dungeon Crawl Stone Soup version 0.30-a0-358-g0d69a1922f (webtiles) character file.

Game seed: 1075019971813140177

25 MrRokkomies the Slasher (level 3, 0/33 HPs)
             Began as a Meteoran Cinder Acolyte on Nov 10, 2022.
             Was a High Priest of Ignis.
             Succumbed to an adder's poison
             ... on level 2 of the Dungeon.
             The game lasted 00:01:15 (589 turns).

MrRokkomies the Slasher (Meteoran Cinder Acolyte)    Turns: 589, Time: 00:01:16

Health: 0/33       AC:  2    Str: 15    XL:     3   Next: 35%
Magic:  1/6        EV: 11    Int: 16    God:    Ignis [*****.]
Gold:   86         SH:  0    Dex: 11    Spells: 2/4 levels left

rFire   + . .      SeeInvis .    a - -1 falchion (flame)
rCold   . . .      Faith    .    (no shield)
rNeg    . . .      Spirit   .    b - +0 robe
rPois   .          Reflect  .    (no helmet)
rElec   .          Harm     .    (no cloak)
rCorr   .          Rampage  .    (no gloves)
Will    .....                    (no boots)
Stlth   +.........               (no amulet)
HPRegen 0.25/turn                (no ring)
MPRegen 0.10/turn                (no ring)

@: lethally poisoned (0 -> -12), glowing, invisible (but backlit and visible)
A: sense surroundings 1, otherworldly, glowing, explore regen
a: Renounce Religion, Fiery Armour, Foxfire Swarm, Rising Flame


You were on level 2 of the Dungeon.
You worshipped Ignis.
Ignis was extremely pleased with you.
You visited 1 branch of the dungeon, and saw 2 of its levels.

You collected 86 gold pieces.

Inventory:

Hand Weapons
 a - a -1 falchion of flaming (weapon)
Missiles
 f - 5 poisoned darts (quivered)
Armour
 b - a +0 robe (worn)


   Skills:
 * Level 3.7 Fighting
 * Level 4.1 Long Blades
 + Level 1.0 Dodging
 - Level 1.3 Spellcasting
 + Level 3.9 Fire Magic


You had 2 spell levels left.
You knew the following spells:

 Your Spells              Type           Power      Damage    Failure   Level
a - Scorch                Fire           26%        2d6       7%          2

Your spell library contained the following spells:

 Spells                   Type           Power      Damage    Failure   Level


Dungeon Overview and Level Annotations

Branches:
Dungeon (2/15) Zot: 603

Altars:


Innate Abilities, Weirdness & Mutations

You passively map a small area around you.
You are easily found by Zot.
You glow in the dark.
You regain HP and MP as you explore.


Message History

You feel sick. The adder bites you but does no damage. The adder bites you.
You are more poisoned.
The adder poisons you!
You miss the adder.
The adder is heavily wounded.
You feel sick.
The adder is no longer more vulnerable to fire.
The adder closely misses you.
You closely miss the adder.
The adder is heavily wounded.
You feel sick. The adder bites you.
You are more poisoned.
The adder poisons you! The adder bites you but does no damage.
You hit the adder. You burn the adder.
The adder is almost dead.
You feel sick. The adder bites you.
You miss the adder.
The adder is almost dead.
You feel sick. The adder bites you.
You are lethally poisoned!
The adder poisons you!
You barely miss the adder.
The adder is almost dead.
* * * LOW HITPOINT WARNING * * *
You feel very sick. The adder closely misses you. The adder misses you.
You barely miss the adder.
The adder is almost dead.
* * * LOW HITPOINT WARNING * * *
You feel very sick. The adder misses you.
It was a potion of invisibility.
You become transparent, but the glow from your body prevents you from becoming completely invisible.
* * * LOW HITPOINT WARNING * * *
You feel sick. The adder barely misses you. The adder attacks as you move away!
The adder bites you.
* * * LOW HITPOINT WARNING * * *
You are more poisoned.
The adder poisons you!
You die...

#..####>.####.#
#...###...# #<#
* #.†.......#
#.# #..#####..#
#.# * *
#..#...#..# #.#
* * ,
##.##)##.##
#.., ,
#.#[S$#.# ### *
* #.##.##.# ,,
#....@..#
######..# #..#
#..# * * * #...
,* ##.##* * #..
, * ###* *


You could see an adder.

Vanquished Creatures
  2 dart slugs (D:1)
  A ball python (D:1)
  An endoplasm (D:1)
  4 giant cockroaches
  2 goblins
  4 kobolds
  A quokka (D:1)
  A bat (D:1)
  2 frilled lizards (D:2)
  A rat (D:1)
19 creatures vanquished.

Notes
Turn   | Place    | Note
-------+----------+-------------------------------------------
     0 | D:1      | MrRokkomies the Meteoran Cinder Acolyte began the quest for
                  | the Orb.
     0 | D:1      | Reached XP level 1. HP: 19/19 MP: 3/3
   158 | D:1      | Reached XP level 2. HP: 19/26 MP: 5/5
   300 | D:1      | Reached skill level 4 in Long Blades
   415 | D:1      | Reached XP level 3. HP: 29/31 MP: 6/6
   494 | D:1      | Glimpsed the power of Zot.
   518 | D:2      | Reached skill level 1 in Dodging
   529 | D:2      | Learned a level 2 spell: Scorch
   589 | D:2      | Succumbed to an adder's poison

Illustrated notes

Levels and vault maps discovered:
D:1:      heliophobic_arrival_henge, layout_basic, nicolae_hexahallways,
          columned_hall_lemuel
D:2:      layout_loops_ring, minmay_split_cup_small, uniq_robin

Skill      XL: |  1  2  3 |
---------------+----------+-----
Long Blades    | 4 |  4.1
Dodging        | 1 |  1.0
Fighting       | |  3.7
Spellcasting   | |  1.3
Fire Magic     | |  3.9

Action                   || total
-------------------------++-------
Melee: Falchion          ||    70
       Punch             ||     3
 Cast: Scorch            ||     3
  Use: Scroll            ||     2
       Potion            ||     1
Armor: Robe              ||    18
Dodge: Dodged            ||    35

Table legend: (Time is in decaauts)
 A = Elapsed time spent in this place.
 B = Non-inter-level travel time spent in this place.
 C = Inter-level travel time spent in this place.
 D = Time resting spent in this place.
 E = Time spent auto-exploring this place.
 F = Levels seen in this place.
 G = Mean time per level.
                   A        B        C        D        E       F      G
               +--------+--------+--------+--------+--------+-----+--------+
         Total |    596 |    526 |     70 |      0 |    373 |   2 |  298.0 |
       Dungeon |    596 |    526 |     70 |      0 |    373 |   2 |  298.0 |
               +--------+--------+--------+--------+--------+-----+--------+

Top non-repeatable levels by time:
     D:1: 510 daAuts
     D:2: 85 daAuts
